slyhack, chaotic female human Rogue ---- ---- --..| |..--- |...-- ---....-- |....| ---.......| --....| |........-- |....-- |........| --<..| --.|.-.---- -.|.| --|..^...| ------- ..|.| ---*---..-- |..--.---- --|.| |..%|--...| |......|.-- |.| ---.----.--.--- -........| |.---|...|..@.||...| --.......-- |...||.---..u.|---.-- |........| ---.--.--.:...| |..| --.......-- |..........-- |..-- |........| ---.....)..| --.%--------.......-- --......-- |..[..)...........- |......| --..----------......| --.....| |....| |.....-- ---..-- --..-- --..--- ---- ---- ---- slyhack the Rogue Experience level: 6 Strength: 17 Dexterity: 16 Constitution: 16 Intelligence: 11 Wisdom: 8 Charisma: 8 Health: 0(55) Energy: 23(23) Def: 10 Gold: 0 Moves: 2281 Dungeon seed: 423MXQgP4f7X__Xq Game ID: slyhack_1480958793 Your Inventory: Weapons a - a +0 elven dagger (weapon in hand) f - 8 +0 daggers m - a +0 orcish dagger w - 9 +0 daggers (in quiver) I - a +1 dagger O - a cursed +0 dagger P - a +0 short sword Armor e - an uncursed +1 leather armor (being worn) y - an uncursed +0 orcish helm (being worn) z - an uncursed +0 dwarvish cloak (being worn) D - an uncursed +0 dwarvish cloak E - a blessed +4 pair of iron shoes (being worn) Comestibles t - 3 uncursed food rations G - an uncursed lichen corpse Wands N - a wand of magic missile (0:6) Tools g - an uncursed blindfold k - an uncursed lock pick r - an uncursed leash A - 7 uncursed tallow candles (0:200) B - an uncursed sack Gems n - an uncursed opal q - 3 uncursed worthless pieces of red glass Contents of the sack: 448 gold pieces an uncursed scroll of light an uncursed scroll of magic mapping an uncursed scroll of taming an uncursed potion of sickness an uncursed ring of regeneration an uncursed mirror Spells and supernatural/magical abilities: Name Level Category Fail Memory W - pray for help -- divine ? -- Your skills at the end: Fighting Skills wands [Basic] Weapon Skills dagger [Basic] short sword [Basic] Spellcasting Skills Final Attributes: You were piously aligned. You were stealthy. You are dead. Vanquished creatures: a dog a mountain nymph a rock piercer a pony 3 gnome lords 2 gnomish wizards an elf zombie a baby crocodile 4 dwarves a kobold shaman a rothe 2 hobbits a hobgoblin 2 cave spiders 2 yellow molds 13 gnomes a gecko 3 jackals 2 foxes a kobold 4 goblins a sewer rat 11 grid bugs a bat 6 lichens 2 kobold zombies 4 newts 73 creatures vanquished. Voluntary challenges: You used a wielded weapon 68 times, starting on turn 85. You read items or engraved 1 time, starting on turn 1192. You never genocided any monsters. You never polymorphed an object. You never changed form. You used no wishes. You never split a pudding. You never wrote Elbereth's name. You never violated your personal moral code. Dungeon overview: The Dungeons of Doom: levels 1 to 4 Level 1 an altar to Mog a long staircase Level 2 an altar to Issek, a fountain Level 3 some fountains Level 4 a fountain stairs to The Gnomish Mines The Gnomish Mines: levels 5 to 6 Level 5 (stash) stairs to The Dungeons of Doom Level 6 <- You were here History has recorded: On T:1 you entered the Dungeons of Doom to retrieve the Amulet of Yendor! On T:269 you reached level 2 of The Dungeons of Doom. On T:474 you advanced to experience level 2. On T:616 you reached level 3 of The Dungeons of Doom. On T:811 you advanced to experience level 3. On T:850 you reached level 4 of The Dungeons of Doom. On T:1204 you reached level 1 of The Gnomish Mines. On T:1238 you advanced to experience level 4. On T:1273 you advanced to experience level 5. On T:1585 you reached level 2 of The Gnomish Mines. On T:2049 you advanced to experience level 6. Score breakdown: Gold: 448 ( 9022 points) Experience: 6 levels (12456 points) Exploration: 6 levels ( 12.77%) ( 9890 points) Discoveries: 1 item ( 0.33%) ( 1729 points) Valuables value: (no points given unless you survive) Artifact value: 0 ( 0 points) Variety of kills: 27 monsters ( 7.05%) ( 7965 points) Turncount: 2281 turns ( -195 points) Survival: died (score multiplied by 80%) Total score: 32693 Latest messages: The white unicorn butts! The white unicorn kicks! The white unicorn butts! The white unicorn kicks! You hit the white unicorn. The white unicorn butts! The white unicorn kicks! The white unicorn butts! The white unicorn kicks! The kobold shaman casts a spell! The white unicorn looks better. You stop searching. The kobold shaman casts a spell! The lizard looks better. You hit the kobold shaman! You miss the kobold shaman. You kill the kobold shaman! You see here an ochre spellbook. The white unicorn butts! The white unicorn misses. The white unicorn butts! You die... Final status: Goodbye slyhack the Rogue, killed by a white unicorn... You died in The Gnomish Mines on dungeon level 6 with 32693 points, and 448 pieces of gold, after 2281 moves. You were level 6 with a maximum of 55 hit points when you died.